 Dungeon Crawl Stone Soup version 0.28-a0-381-g937acc2988 (webtiles) character file.

Game seed: 3710781903852754254

423 clopto the Ducker (level 6, -1/61 HPs)
             Began as a Troll Fighter on Sept 1, 2021.
             Succumbed to a killer bee's poison
             ... on level 7 of the Dungeon.
             The game lasted 00:30:31 (3211 turns).

clopto the Ducker (Troll Fighter)                   Turns: 3211, Time: 00:30:32

Health: -1/61      AC:  4    Str: 26    XL:     6   Next: 63%
Magic:  5/5        EV:  9    Int:  4    God:
Gold:   96         SH:  8    Dex: 10    Spells: 5/5 levels left

rFire   . . .      SeeInvis .   e - +2 rapier (venom)
rCold   . . .      Faith    .   b - +0 kite shield
rNeg    . . .      Spirit   .   a - +0 robe
rPois   .          Reflect  .   (helmet restricted)
rElec   .          Harm     .   (no cloak)
rCorr   .          Rampage  .   (gloves unavailable)
Will    .....                   (boots unavailable)
Stlth   +.........              (no amulet)
HPRegen 1.20/turn               (no ring)
MPRegen 0.09/turn               (no ring)

@: lethally poisoned (-1 -> -22), about to teleport
A: large, unfitting armour, claws 3, regeneration 1, shaggy fur 1, tough skin 1
a: no special abilities


You were on level 7 of the Dungeon.
You visited 1 branch of the dungeon, and saw 6 of its levels.

You collected 96 gold pieces.

Inventory:

Hand Weapons
 e - a +2 rapier of venom (weapon)
 j - a +0 hunting sling
 l - a +1 flail of venom
 q - a +1 dagger of venom
 B - a +0 shortbow
Missiles
 d - 114 stones
 i - 34 arrows
 p - 6 silver boomerangs
 r - 4 large rocks (quivered)
 v - 20 bolts
Armour
 a - a +0 robe (worn)
 b - a +0 kite shield (worn)
 g - a +0 cloak
 n - a +0 pair of gloves
 o - a +0 leather armour
 s - a +0 ring mail
Magical Staves
 h - a staff of poison
Wands
 C - a wand of flame (20)
Scrolls
 m - a scroll of amnesia
 w - 2 scrolls of immolation {unknown}
 x - a scroll of magic mapping {unknown}
 y - a scroll of summoning {unknown}
 z - a scroll of identify
Potions
 c - 2 potions of might
 f - a potion of ambrosia
 k - a potion of flight
 t - a potion of curing
 u - a potion of berserk rage {unknown}


   Skills:
 + Level 3.2 Fighting
 + Level 1.6 Short Blades
 + Level 3.9 Dodging
 + Level 0.2 Stealth
 + Level 3.8 Shields
 + Level 3.2 Unarmed Combat


You had 5 spell levels left.
You didn't know any spells.
Your spell library contained the following spells:

 Spells                   Type           Power      Damage    Failure   Level
 Corpse Rot               Necr/Air       N/A        N/A       95%         2
 Sublimation of Blood     Necr           0%         N/A       95%         2
 Wereblood                Tmut           0%         N/A       95%         2
 Dispel Undead            Necr           0%         3d6       100%        4
 Death Channel            Necr           0%         N/A       100%        6
 Summon Hydra             Summ           0%         N/A       100%        7


Dungeon Overview and Level Annotations

Branches:
Dungeon (5/15)
 Temple: D:4-7

Altars:
Qazlal

Shops:
D:3 *


Innate Abilities, Weirdness & Mutations

You are too large for most types of armour.
You have claws for hands.
Your natural rate of healing is unusually fast.
You are covered in fur. (AC +1)
You have tough skin. (AC +1)


Message History

The killer bee buzzes angrily. x2; You hear an angry buzzing noise.
A killer bee comes into view.
There is an open door here.
You hit the killer bee.
The killer bee is poisoned.
The killer bee is lightly wounded.
The killer bee stings you. x3
You closely miss the killer bee.
The killer bee is heavily wounded.
The killer bee stings you. x2
You are poisoned.
The killer bee poisons you! You block the killer bee's attack.
The killer bee stings you!
You are more poisoned.
The killer bee poisons you!
You miss the killer bee.
You feel very sick.
The killer bee stings you but does no damage.
The killer bee stings you!
You are more poisoned.
The killer bee poisons you! The killer bee stings you.
You are more poisoned.
The killer bee poisons you! The killer bee barely misses you.
The killer bee stings you but does no damage.
You block the killer bee's attack. x2
You miss the killer bee.
You feel extremely sick. The killer bee barely misses you.
The killer bee stings you.
* * * LOW HITPOINT WARNING * * *
You are lethally poisoned!
The killer bee poisons you!
The killer bee stings you but does no damage.
The killer bee stings you.
* * * LOW HITPOINT WARNING * * *
You block the killer bee's attack.
The killer bee stings you but does no damage.
The killer bee stings you.
* * * LOW HITPOINT WARNING * * *
As you read the scroll of teleportation, it crumbles to dust.
You feel strangely unstable.
You die...

#.............
+.............
#.............
#.............
#.............
#.............
#.............
#.##....###(.#
###@## #
......yyy.#
..........#
..........#
...##.....# ..
#.....# .
.......
.........


You could see 3 killer bees.

Vanquished Creatures
  A necrophage (D:4)
  A centaur (D:5)
  2 hounds (D:4)
  An orc wizard (D:3)
  4 gnolls (D:3)
  2 adders
  2 worms (D:2)
  A dart slug (D:3)
  13 orcs
  12 bats
  9 endoplasms
  6 giant cockroaches
  5 goblins
  9 hobgoblins
  2 jackals (D:4)
  3 kobolds
  A quokka (D:1)
  11 ball pythons
  7 frilled lizards
  4 rats
96 creatures vanquished.

Notes
Turn   | Place    | Note
-------+----------+-------------------------------------------
     0 | D:1      | clopto the Troll Fighter began the quest for the Orb.
     0 | D:1      | Reached XP level 1. HP: 22/22 MP: 0/0
   253 | D:1      | Reached XP level 2. HP: 29/29 MP: 1/1
   989 | D:1      | Reached XP level 3. HP: 36/36 MP: 2/2
  1972 | D:3      | Reached XP level 4. HP: 44/44 MP: 3/3
  2103 | D:3      | Found a stormy altar of Qazlal.
  2251 | D:3      | Found Maibomn's Assorted Antiques.
  2340 | D:3      | Reached XP level 5. HP: 49/52 MP: 4/4
  2756 | D:4      | Noticed a necrophage
  2780 | D:4      | Killed a necrophage
  2781 | D:4      | Reached skill level 1 in Short Blades
  2781 | D:4      | Reached XP level 6. HP: 42/61 MP: 5/5
  3159 | D:5      | Entered Level 5 of the Dungeon
  3200 | D:5      | You fall into a shaft and drop 2 floors!
  3211 | D:7      | Succumbed to a killer bee's poison

Illustrated notes

Levels and vault maps discovered:
D:1:      mainiacjoe_arrival_reflecting_pool, layout_basic,
          chequers_ecumenical_altar_twisty
D:2:      layout_rooms, minmay_pentomino_pile
D:3:      layout_rooms, nicolae_qazlal_eye_of_the_storm, serial_shops, shop
D:4:      layout_basic
D:5:      layout_loops_ring, nicolae_gozag_seed_capital, gup_sewer_entry_glass,
          gammafunk_ghost_mausoleum
D:7:      layout_gridville, tgw_xom, uniq_maggie, uniq_pikel, uniq_joseph

Skill      XL: |  1  2  3  4  5 |
---------------+----------------+-----
Shields        | 3 |  3.8
Dodging        | 3 |  3.9
Unarmed Combat | 3 |  3.2
Fighting       | 3 |  3.2
Short Blades   | 1 |  1.6
Stealth        | |  0.2

Action                   |  1- 3 |  4- 6 || total
-------------------------+-------+-------++-------
Melee: Unarmed           |   134 |    65 ||   199
       Hunting sling     |    14 |       ||    14
       Rapier            |       |    99 ||    99
 Fire: Hunting sling     |     2 |       ||     2
Throw: Large rock        |     2 |       ||     2
  Use: Potion            |     2 |     1 ||     3
       Scroll            |     1 |     3 ||     4
Armor: Robe              |   126 |    72 ||   198
       Skin              |       |    49 ||    49
Dodge: Dodged            |   107 |    94 ||   201
Block: Kite shield       |    99 |   126 ||   225

Table legend: (Time is in decaauts)
 A = Elapsed time spent in this place.
 B = Non-inter-level travel time spent in this place.
 C = Inter-level travel time spent in this place.
 D = Time resting spent in this place.
 E = Time spent auto-exploring this place.
 F = Levels seen in this place.
 G = Mean time per level.
                   A        B        C        D        E       F      G
               +--------+--------+--------+--------+--------+-----+--------+
         Total |   3289 |   3279 |     10 |      0 |     15 |   6 |  548.2 |
       Dungeon |   3289 |   3279 |     10 |      0 |     15 |   6 |  548.2 |
               +--------+--------+--------+--------+--------+-----+--------+

Top non-repeatable levels by time:
     D:1: 1234 daAuts
     D:2: 762 daAuts
     D:4: 743 daAuts
     D:3: 495 daAuts
     D:5: 42 daAuts
     D:7: 11 daAuts
